[Event "Titled Tuesday Blitz March 15 Early 2022"]
[White "Jumabayev, Rinat"]
[Black "Skliarov, Viktor"]
[WhiteFideId "13702661"]
[BlackFideId "14106736"]
[WhiteElo "2561"]
[BlackElo "2229"]
[Result "1-0"]
[Round "08"]
[TimeControl "180+1"]
[Date "2022.03.15"]
[WhiteClock "0:00:05"]
[BlackClock "0:00:04"]

1. d4 Nf6 2. c4 e6 3. g3 c5 4. d5 exd5 5. cxd5 b5 6. Nf3 d6 7. e4 Nxe4 8. Bxb5+ Bd7 9. Bd3 Nf6 10. O-O Be7 11. Re1 O-O 12. Nc3 Bg4 13. Bf4 Re8 14. Kg2 Nbd7 15. h3 Bxf3+ 16. Qxf3 Rb8 17. Re2 Bf8 18. Rae1 Rxe2 19. Rxe2 h6 20. g4 Ne5 21. Bxe5 dxe5 22. Bc4 Qd6 23. b3 g6 24. h4 Bg7 25. g5 hxg5 26. hxg5 Nh5 27. Ne4 Qd8 28. Rd2 Nf4+ 29. Kg1 f5 30. gxf6 Bxf6 31. Qg4 Kg7 32. d6 Qa5 33. d7 Rh8 34. Bf1 Bd8 35. Qf3 Qb6 36. Rd6 Qb4 37. Qe3 a5 38. Nxc5 Bf6 39. Ne4 Be7 40. Rc6 Qb7 41. Qc3 Rh5 42. Qc4 Qxd7 43. Rc7 Qg4+ 44. Ng3 Qf3 45. Rxe7+ Kh6 46. Qf7 Rh4 47. Qh7+ Kg5 48. Qg7 Nh3+ 49. Bxh3 Rxh3 50. Rxe5+ Kf4 51. Re4+ Qxe4 52. Nxe4 Rh6 53. Qe7 g5 54. Qf6+ Rxf6 55. Nxf6 Kf5 56. Nd5 Ke4 57. Ne3 Kd3 58. Nc4 Kc3 59. Nxa5 1-0


[Site "https://www.chess.com"]

[Event "Titled Tuesday Blitz March 15 Early 2022"]
[White "Kamsky, Gata"]
[Black "Lazavik, Denis"]
[WhiteFideId "2000024"]
[BlackFideId "13515110"]
[WhiteElo "2645"]
[BlackElo "2437"]
[Result "1-0"]
[Round "08"]
[TimeControl "180+1"]
[Date "2022.03.15"]
[WhiteClock "0:00:14"]
[BlackClock "0:00:03"]

1. e4 e5 2. Nf3 Nc6 3. Bb5 Nf6 4. O-O Nxe4 5. d4 Nd6 6. Bxc6 dxc6 7. dxe5 Nf5 8. Qxd8+ Kxd8 9. Rd1+ Ke8 10. Nc3 Be7 11. h3 h5 12. g3 Be6 13. b3 Rd8 14. Bf4 Rxd1+ 15. Rxd1 b6 16. Ng5 Rh6 17. Nxe6 Rxe6 18. Ne4 c5 19. c3 Bd8 20. a4 a5 21. Kg2 Rc6 22. Nd2 g5 23. Be3 Nxe3+ 24. fxe3 Re6 25. Nc4 f6 26. Kf3 fxe5 27. Ke4 Rf6 28. Nxe5 Rf2 29. g4 hxg4 30. hxg4 Bf6 31. c4 Ke7 32. Nc6+ Ke6 33. Na7 Be7 34. Nb5 Bd6 35. Rh1 Rb2 36. Rh6+ Kd7 37. Rg6 Rxb3 38. Rxg5 Rb4 39. Nxd6 Kxd6 40. Rg6+ Ke7 41. Kd5 Rxa4 42. Rg7+ Kf6 43. Rxc7 Ra1 44. Rc6+ Kg5 45. Rxb6 Kxg4 46. Ra6 a4 47. e4 Kf4 48. e5 a3 49. e6 Kf5 50. e7 Re1 51. Rxa3 Rxe7 52. Rf3+ Kg6 53. Kxc5 Re8 54. Kb6 Rb8+ 55. Kc7 1-0


[Site "https://www.chess.com"]

[Event "Titled Tuesday Blitz March 15 Early 2022"]
[White "Kanyamarala, Tarun"]
[Black "Pranav Anand"]
[WhiteFideId "45004714"]
[BlackFideId "46626786"]
[WhiteElo "2075"]
[BlackElo "2259"]
[Result "0-1"]
[Round "08"]
[TimeControl "180+1"]
[Date "2022.03.15"]
[WhiteClock "0:00:01"]
[BlackClock "0:01:51"]

1. e4 b6 2. d4 Bb7 3. Bd3 e6 4. Nf3 d5 5. e5 Be7 6. c3 c5 7. O-O Nc6 8. Nbd2 g5 9. h3 h5 10. Bb5 a6 11. Bxc6+ Bxc6 12. a4 Nh6 13. Ne1 g4 14. hxg4 hxg4 15. Nc2 Bf8 16. g3 Rg8 17. Kg2 Nf5 18. Ne3 Nxe3+ 19. fxe3 Qg5 20. Qe2 Bb7 21. Qf2 Qh5 22. Rh1 Qg6 23. Qf6 Qxf6 24. exf6 Rg6 25. a5 b5 26. Rf1 O-O-O 27. b3 b4 28. Bb2 bxc3 29. Bxc3 e5 30. b4 cxd4 31. exd4 exd4 32. Bxd4 Bxb4 33. Nb3 Kb8 34. Rab1 Ka8 35. Nc5 Bxc5 36. Bxc5 d4+ 37. Kf2 d3 38. Ke3 Rg5 39. Bb6 Re5+ 40. Kf4 Re4+ 41. Kg5 Rg8+ 42. Kh4 Re2 43. Rf2 Ree8 44. Rf5 Rg6 45. Rg5 Rh8+ 46. Kxg4 Rxf6 47. Rd1 Bf3# 0-1


[Site "https://www.chess.com"]

[Event "Titled Tuesday Blitz March 15 Early 2022"]
[White "Kett, Tim"]
[Black "Miszler, Levente"]
[WhiteFideId "1801210"]
[BlackFideId "763276"]
[WhiteElo "2098"]
[BlackElo "1966"]
[Result "0-1"]
[Round "08"]
[TimeControl "180+1"]
[Date "2022.03.15"]
[WhiteClock "0:00:06"]
[BlackClock "0:00:36"]

1. e4 e6 2. d4 d5 3. e5 c5 4. c3 Nc6 5. Nf3 Bd7 6. Bd3 cxd4 7. cxd4 Qb6 8. O-O Nxd4 9. Nc3 Nxf3+ 10. Qxf3 Bc5 11. Bg5 Ne7 12. Rad1 Rc8 13. Rfe1 h6 14. Bh4 Bb4 15. Qg4 g6 16. Bf6 Rg8 17. h4 Bxc3 18. bxc3 Rxc3 19. Bxe7 Kxe7 20. Qf4 h5 21. Qf6+ Ke8 22. Re3 Qd8 23. Qf4 g5 24. Qb4 Qc7 25. hxg5 Rxg5 26. f4 Rg4 27. Rh3 Qc5+ 28. Qxc5 Rxc5 29. g3 h4 30. Rxh4 Rxg3+ 31. Kf2 Rg8 32. Ke3 Rc3 33. Kd4 Ra3 34. Rd2 Rg3 35. Rh8+ Ke7 36. Rb8 Bc6 37. f5 exf5 38. Bxf5 Ra4+ 39. Kc5 Rc4# 0-1


[Site "https://www.chess.com"]

[Event "Titled Tuesday Blitz March 15 Early 2022"]
[White "Khabinets, Ivan"]
[Black "Popadic, Dragan"]
[WhiteFideId "14115980"]
[BlackFideId "913650"]
[WhiteElo "2114"]
[BlackElo "2222"]
[Result "1-0"]
[Round "08"]
[TimeControl "180+1"]
[Date "2022.03.15"]
[WhiteClock "0:00:06"]
[BlackClock "0:00:10"]

1. c4 Nf6 2. Nc3 g6 3. e4 d6 4. d4 Bg7 5. Be2 O-O 6. Be3 e5 7. Nf3 Na6 8. O-O Ng4 9. Bg5 Qe8 10. d5 f5 11. Nd2 Nf6 12. f3 Nh5 13. a3 Nf4 14. Bh4 Nxe2+ 15. Qxe2 c5 16. Rab1 b6 17. b4 Bd7 18. Nb5 Bxb5 19. cxb5 Nc7 20. bxc5 bxc5 21. a4 Rb8 22. Nc4 Qd7 23. Na5 Bh6 24. Kh1 Ne8 25. Nc6 Rb7 26. Qc4 Kh8 27. Na5 Rb8 28. Nc6 Rb7 29. a5 Nc7 30. a6 Rb6 31. Nxa7 fxe4 32. fxe4 Rxf1+ 33. Qxf1 Nxa6 34. bxa6 Qxa7 35. Rxb6 Qxb6 36. Qf6+ Kg8 37. Qd8+ Qxd8 38. Bxd8 c4 39. Ba5 Be3 40. g3 Kf7 41. Kg2 Ke7 42. Bb4 Kd7 43. Kf3 Bd4 44. Ke2 Kc7 45. Kd2 h5 46. h3 Kb6 47. Bxd6 Kxa6 48. Kc2 Kb5 49. Ba3 Kb6 50. Bc1 Kb5 51. Bh6 Kb6 52. g4 hxg4 53. hxg4 Kb5 54. Bd2 Kb6 55. Bb4 Kb5 56. Be7 Kb6 57. Kd2 Kb5 58. Ke2 Kb6 59. Kf3 Kc7 60. Bb4 Kb6 61. Ke2 Kb5 62. Be7 Kb6 63. Kd2 Kc7 64. Kc2 Kd7 65. Bb4 Kc7 66. Kb1 Kb6 67. Ka2 Kb5 68. Ba3 Kb6 69. Bf8 Kb5 70. Ka3 Kb6 71. Kb4 c3 72. Kb3 Kb5 73. Bb4 Be3 74. Bxc3 Bf4 75. Bb4 Bg3 76. Bd6 Bf4 77. Kc3 Bg3 78. Kd3 Bf4 79. Bb8 Bg3 80. Ba7 Bf4 81. Be3 Bg3 82. Bg5 Bh2 83. Bh4 Bf4 84. Ke2 Kc5 85. Bf2+ Kb5 86. Kf3 Bd2 87. Bg3 Bc3 88. Ke2 Kc4 89. d6 Kc5 90. d7 Ba5 91. Bh4 Kd4 92. Kf3 1-0


[Site "https://www.chess.com"]

[Event "Titled Tuesday Blitz March 15 Early 2022"]
[White "Koellner, Ruben Gideon"]
[Black "Pakleza, Zbigniew"]
[WhiteFideId "12993093"]
[BlackFideId "1119290"]
[WhiteElo "2470"]
[BlackElo "2467"]
[Result "0-1"]
[Round "08"]
[TimeControl "180+1"]
[Date "2022.03.15"]
[WhiteClock "0:00:05"]
[BlackClock "0:00:28"]

1. d4 d6 2. Nf3 Bg4 3. Nbd2 Nf6 4. e4 e6 5. c3 d5 6. Bd3 Be7 7. e5 Nfd7 8. h3 Bh5 9. O-O c5 10. Qe2 Nc6 11. a3 cxd4 12. g4 dxc3 13. gxh5 cxd2 14. Bxd2 Qb6 15. Be3 Qc7 16. Bf4 f6 17. Rfe1 f5 18. Rac1 g5 19. hxg6 hxg6 20. Nd4 Nxd4 21. Rxc7 Nxe2+ 22. Bxe2 g5 23. Bb5 gxf4 24. Bxd7+ Kf7 25. Rxb7 Rag8+ 26. Kf1 f3 27. Re3 Rxh3 28. Ke1 Rg2 29. Kd2 Rxf2+ 30. Kd3 Rfh2 31. Bb5 f2 32. Kd4 Kf8 33. Rb8+ Kg7 34. Rxh3 Rxh3 35. Rc8 Rh1 36. Rc7 Kf8 37. Rc8+ Kf7 38. Ra8 f1=Q 39. Bxf1 Rxf1 40. Rxa7 f4 41. b4 Rd1+ 42. Kc3 f3 43. Kc2 f2 44. Kxd1 f1=Q+ 45. Kc2 Qf2+ 0-1


[Site "https://www.chess.com"]

[Event "Titled Tuesday Blitz March 15 Early 2022"]
[White "Koridze, Lile"]
[Black "Migot, Tangi"]
[WhiteFideId "13612514"]
[BlackFideId "662445"]
[WhiteElo "1999"]
[BlackElo "2510"]
[Result "0-1"]
[Round "08"]
[TimeControl "180+1"]
[Date "2022.03.15"]
[WhiteClock "0:01:31"]
[BlackClock "0:01:11"]

1. d4 g6 2. c4 Bg7 3. Nc3 d6 4. e4 Nc6 5. Nf3 Bg4 6. d5 Nd4 7. Be2 Bxf3 8. Bxf3 c5 9. dxc6 bxc6 10. O-O e5 11. Rb1 a5 12. b3 Ne7 13. Ba3 c5 14. Be2 O-O 15. Nd5 f5 16. Bd3 Nec6 17. f4 a4 18. b4 cxb4 19. Nxb4 Nxb4 20. Bxb4 exf4 21. Rxf4 Be5 22. Rf1 Qh4 23. g3 Bxg3 24. hxg3 Qxg3+ 25. Kh1 fxe4 26. Bxe4 Qh4+ 27. Kg1 Qxe4 28. Bxd6 Nf3+ 29. Rxf3 Rxf3 30. Kh2 Rf2+ 0-1


[Site "https://www.chess.com"]

[Event "Titled Tuesday Blitz March 15 Early 2022"]
[White "Kosteniuk, Alexandra"]
[Black "Moroni, Luca Jr"]
[WhiteFideId "4128125"]
[BlackFideId "865834"]
[WhiteElo "2469"]
[BlackElo "2573"]
[Result "1-0"]
[Round "08"]
[TimeControl "180+1"]
[Date "2022.03.15"]
[WhiteClock "0:00:12"]
[BlackClock "0:00:03"]

1. e4 d6 2. d4 e5 3. dxe5 dxe5 4. Qxd8+ Kxd8 5. Nf3 f6 6. Bc4 c6 7. Be3 Nd7 8. Nc3 Bc5 9. Bxc5 Nxc5 10. O-O-O+ Kc7 11. h3 Ne7 12. Nd2 a5 13. Rde1 Ng6 14. g3 Rd8 15. h4 h6 16. Nd1 b5 17. Be2 Be6 18. a3 b4 19. Ne3 bxa3 20. bxa3 Rab8 21. Bc4 Nf8 22. f4 Rd4 23. fxe5 fxe5 24. Bxe6 Nfxe6 25. Nec4 Na4 26. Rhf1 Nd8 27. Rf3 Rb5 28. Rb3 Rxb3 29. cxb3 Nc5 30. Kc2 a4 31. b4 Nd7 32. Kc3 Nf6 33. Nxe5 Rd6 34. Nec4 Re6 35. Re3 Nf7 36. Kd3 Ng4 37. Re1 Nfe5+ 38. Nxe5 Nxe5+ 39. Kc3 Rf6 40. Re3 Ng4 41. Re2 Ne5 42. Kd4 Re6 43. Nc4 Ng4 44. e5 h5 45. Nb2 Nh6 46. Rf2 g6 47. Nxa4 Nf5+ 48. Ke4 Nxg3+ 49. Kf4 Nf5 50. Nc5 Re7 51. Rh2 Nd4 52. a4 Rf7+ 53. Ke4 Nf3 54. e6 Rf5 55. Rh3 Nd2+ 56. Kd3 Nf1 57. a5 Rd5+ 58. Kc3 Re5 59. a6 Ne3 60. a7 Nd5+ 61. Kd4 Nb6 62. Kxe5 1-0


[Site "https://www.chess.com"]

[Event "Titled Tuesday Blitz March 15 Early 2022"]
[White "Lou, Yiping"]
[Black "Barp, Alberto"]
[WhiteFideId "8603928"]
[BlackFideId "872555"]
[WhiteElo "2412"]
[BlackElo "2229"]
[Result "1-0"]
[Round "08"]
[TimeControl "180+1"]
[Date "2022.03.15"]
[WhiteClock "0:00:17"]
[BlackClock "0:00:26"]

1. Nf3 d5 2. b3 Nf6 3. Bb2 g6 4. c4 e6 5. g3 Bg7 6. Bg2 O-O 7. O-O c5 8. e3 Nc6 9. cxd5 exd5 10. d4 Ne4 11. Nc3 Bg4 12. h3 cxd4 13. exd4 Nxc3 14. Bxc3 Bf5 15. Ne5 Be4 16. Nxc6 bxc6 17. Re1 Re8 18. Bf1 c5 19. Qd2 cxd4 20. Bxd4 Bxd4 21. Qxd4 Qb6 22. Rad1 Qxd4 23. Rxd4 Rec8 24. Bd3 Bxd3 25. Rxd3 Rc2 26. a4 Rb2 27. Re7 a6 28. Rb7 Re8 29. Rf3 Rf8 30. Rb6 d4 31. Rxa6 Rb8 32. Ra7 Rf8 33. Rd7 Rd2 34. a5 d3 35. Rdxd3 Ra2 36. b4 Ra4 37. Rf4 Rb8 38. Rd7 f5 39. Rc4 1-0


[Site "https://www.chess.com"]

[Event "Titled Tuesday Blitz March 15 Early 2022"]
[White "Manukyan, Artyom"]
[Black "Chernomordik, Pavel"]
[WhiteFideId "13305786"]
[BlackFideId "2804530"]
[WhiteElo "2034"]
[BlackElo "2249"]
[Result "0-1"]
[Round "08"]
[TimeControl "180+1"]
[Date "2022.03.15"]
[WhiteClock "0:00:01"]
[BlackClock "0:00:11"]

1. d4 g6 2. Nf3 Bg7 3. c4 d6 4. g3 Nf6 5. Bg2 O-O 6. O-O c6 7. Nc3 a6 8. e4 Nfd7 9. b3 b5 10. Bb2 bxc4 11. bxc4 a5 12. Rc1 Ba6 13. Ne2 Nb6 14. Nd2 N8d7 15. Qc2 Rb8 16. Rfe1 c5 17. Rb1 cxd4 18. Bxd4 Bxd4 19. Nxd4 Rc8 20. Nb5 Ne5 21. Bf1 Qd7 22. f4 Bxb5 23. fxe5 dxe5 24. Rec1 Qd4+ 25. Kg2 Ba4 26. Qc3 Nd7 27. Qxd4 exd4 28. Rb7 e6 29. Nb3 Bxb3 30. axb3 Nc5 31. Rb5 Nxe4 32. Rxa5 Ra8 33. Rca1 Rxa5 34. Rxa5 Rb8 35. Ra3 Nd2 36. c5 Nxb3 37. c6 Nc5 38. Bb5 Rc8 39. Kf3 e5 40. Ra7 e4+ 41. Ke2 Ne6 42. Kd2 Nc7 0-1


[Site "https://www.chess.com"]

[Event "Titled Tuesday Blitz March 15 Early 2022"]
[White "Marson, Juan Miguel"]
[Black "Milosevic, Milos"]
[WhiteFideId "106585"]
[BlackFideId "964875"]
[WhiteElo "2053"]
[BlackElo "2237"]
[Result "0-1"]
[Round "08"]
[TimeControl "180+1"]
[Date "2022.03.15"]
[WhiteClock "0:00:09"]
[BlackClock "0:00:50"]

1. e4 c5 2. c3 d5 3. exd5 Qxd5 4. d4 Nf6 5. Nf3 Bg4 6. Qa4+ Nc6 7. Bc4 Qd7 8. dxc5 Bxf3 9. gxf3 Nd5 10. Nd2 e6 11. Nb3 Be7 12. Bd2 O-O 13. O-O-O Rad8 14. Rhg1 Bf6 15. Kb1 Qc7 16. Bd3 g6 17. h4 h5 18. Bxg6 fxg6 19. Rxg6+ Kf7 20. Rdg1 Rg8 21. Qe4 Qe5 22. Rxg8 Rxg8 23. Qh7+ Rg7 24. Rxg7+ Bxg7 25. Kc1 Qf5 26. Qxf5+ exf5 27. Bg5 Nc7 28. f4 Ne6 29. Kd2 Bf8 30. Kd3 Nxc5+ 31. Kc4 Nxb3 32. axb3 Na5+ 33. Kd5 Nxb3 34. Ke5 Be7 35. Kxf5 Nc1 36. c4 Nd3 37. b3 Nxf2 38. Bxe7 Kxe7 39. Kg5 Nd3 40. f5 Kf7 41. Kxh5 Kf6 42. Kg4 a5 43. h5 Nc5 44. h6 Nxb3 45. Kf4 a4 46. h7 Kg7 47. Ke5 Nc5 48. Kd5 Kxh7 49. Kxc5 a3 50. Kd6 a2 51. f6 a1=Q 52. f7 Qg7 53. Ke7 Kg6 54. Kd7 0-1


[Site "https://www.chess.com"]

[Event "Titled Tuesday Blitz March 15 Early 2022"]
[White "Martin Carmona, Gaston Manuel"]
[Black "Shailendra, K Bajpai"]
[WhiteFideId "22284567"]
[BlackFideId "5014670"]
[WhiteElo "2161"]
[BlackElo "2242"]
[Result "1-0"]
[Round "08"]
[TimeControl "180+1"]
[Date "2022.03.15"]
[WhiteClock "0:00:44"]
[BlackClock "0:00:02"]

1. d4 d5 2. c4 e6 3. Nf3 c6 4. g3 Nf6 5. Bg2 Be7 6. O-O O-O 7. Qc2 Nbd7 8. Nbd2 dxc4 9. Nxc4 c5 10. Rd1 b5 11. Nfe5 Nd5 12. Nc6 Qe8 13. Nxe7+ Qxe7 14. Ne3 Nb4 15. Qc3 Rb8 16. dxc5 Qxc5 17. Rxd7 Qxc3 18. bxc3 Bxd7 19. cxb4 Rfc8 20. Bb2 Bc6 21. Bxc6 Rxc6 22. f3 Rd8 23. Kf2 f6 24. a4 a6 25. axb5 axb5 26. Ra5 Rd2 27. Ba1 Rc1 28. g4 Rh1 29. g5 Rxh2+ 30. Kg3 Rhxe2 31. gxf6 gxf6 32. Ng4 Rg2+ 33. Kf4 e5+ 34. Kf5 Rd3 35. Nxf6+ Kf8 36. Ke6 Rxf3 37. Ra8+ Kg7 38. Rg8+ Kh6 39. Rxg2 1-0


[Site "https://www.chess.com"]

[Event "Titled Tuesday Blitz March 15 Early 2022"]
[White "Maung, Maung Kyaw Zaw Hein"]
[Black "Baches Garcia, Guillermo"]
[WhiteFideId "13001698"]
[BlackFideId "2209764"]
[WhiteElo "1785"]
[BlackElo "2428"]
[Result "0-1"]
[Round "08"]
[TimeControl "180+1"]
[Date "2022.03.15"]
[WhiteClock "0:00:32"]
[BlackClock "0:00:08"]

1. Nf3 d5 2. d4 Nf6 3. c4 e6 4. Nc3 c5 5. cxd5 Nxd5 6. e4 Nxc3 7. bxc3 cxd4 8. cxd4 Bb4+ 9. Bd2 Bxd2+ 10. Qxd2 O-O 11. Bc4 Nd7 12. O-O b6 13. Rfe1 Bb7 14. d5 Nc5 15. h4 exd5 16. exd5 Qd6 17. Nd4 Rad8 18. Nf5 Qf6 19. Ne7+ Kh8 20. Rad1 Qxh4 21. Re3 Qxc4 22. Rh3 Rd6 23. Qg5 Qe4 24. Rh4 Qe2 25. Rdd4 Rf6 26. Rxh7+ Kxh7 27. Rh4+ Rh6 28. Rxh6+ gxh6 29. Qf5+ Kg7 0-1


[Site "https://www.chess.com"]

[Event "Titled Tuesday Blitz March 15 Early 2022"]
[White "Molina, Roberto Junio Brito"]
[Black "Chen, Qi b"]
[WhiteFideId "2109450"]
[BlackFideId "8614733"]
[WhiteElo "2432"]
[BlackElo "2432"]
[Result "1-0"]
[Round "08"]
[TimeControl "180+1"]
[Date "2022.03.15"]
[WhiteClock "0:00:32"]
[BlackClock "0:00:02"]

1. d4 Nf6 2. c4 e6 3. Nf3 d5 4. Nc3 dxc4 5. e4 b5 6. e5 Nd5 7. Nxb5 Nb6 8. Be3 Nc6 9. Qc1 Ba6 10. Nc3 Be7 11. Be2 O-O 12. O-O Nb4 13. Rd1 Qe8 14. a3 N4d5 15. b4 Nxe3 16. fxe3 f6 17. Ne4 Qg6 18. exf6 gxf6 19. Nc5 Bxc5 20. dxc5 Nd5 21. Bxc4 Bxc4 22. Qxc4 Kh8 23. Qc1 Rg8 24. Ra2 Qe4 25. Rf2 Rg7 26. Re1 Rag8 27. Ree2 a5 28. b5 Qa4 29. Nd4 e5 30. Nf5 Rg6 31. b6 cxb6 32. cxb6 Qb3 33. e4 Nf4 34. Rb2 Qd3 35. Ng3 1-0


[Site "https://www.chess.com"]

[Event "Titled Tuesday Blitz March 15 Early 2022"]
[White "Muradli, Mahammad"]
[Black "Xiong, Jeffery"]
[WhiteFideId "13409301"]
[BlackFideId "2047640"]
[WhiteElo "2611"]
[BlackElo "2727"]
[Result "0-1"]
[Round "08"]
[TimeControl "180+1"]
[Date "2022.03.15"]
[WhiteClock "0:00:30"]
[BlackClock "0:01:15"]

1. g3 e5 2. Nf3 e4 3. Nd4 Bc5 4. Nb3 Bb6 5. d3 Nf6 6. Bg2 d5 7. O-O Qe7 8. Bg5 e3 9. Nc3 exf2+ 10. Kh1 c6 11. e4 Nbd7 12. exd5 h6 13. Bxf6 Nxf6 14. d4 Ng4 15. Qf3 O-O 16. dxc6 bxc6 17. Ne4 Ba6 18. Rfd1 f5 19. Nxf2 Be2 20. Re1 Bxf3 21. Rxe7 Nxf2+ 22. Kg1 Bxg2 0-1


[Site "https://www.chess.com"]

[Event "Titled Tuesday Blitz March 15 Early 2022"]
[White "Myshakov, Fyodor"]
[Black "Iljin, Timofey"]
[WhiteFideId "14111284"]
[BlackFideId "14110180"]
[WhiteElo "2310"]
[BlackElo "2396"]
[Result "1/2-1/2"]
[Round "08"]
[TimeControl "180+1"]
[Date "2022.03.15"]
[WhiteClock "0:00:11"]
[BlackClock "0:00:14"]

1. c4 f5 2. Nc3 Nf6 3. Nf3 g6 4. g3 Bg7 5. Bg2 O-O 6. O-O d6 7. d4 Qe8 8. d5 a5 9. Nd4 Na6 10. Rb1 Bd7 11. b3 c6 12. dxc6 bxc6 13. a3 e5 14. Nc2 Qe7 15. b4 axb4 16. axb4 Rab8 17. b5 cxb5 18. cxb5 Nc5 19. Nd5 Nxd5 20. Qxd5+ Kh8 21. Rd1 Bxb5 22. Qxd6 Qxd6 23. Rxd6 Bxe2 24. Rxb8 Rxb8 25. Na3 Nd3 26. Bg5 h6 27. Bf6 Bxf6 28. Rxf6 Rb3 29. Rf8+ Kg7 30. Ra8 e4 31. Bf1 Bf3 32. Nc4 Nc1 33. Ra7+ Kf6 34. Ra6+ Kg5 35. h4+ Kh5 36. Nd2 Rb2 37. Nxf3 exf3 38. Re6 Nb3 39. Re1 Nd4 40. Bc4 Kg4 41. Ba6 g5 42. hxg5 hxg5 43. Bc4 Kh3 44. Bf1+ Kg4 45. Bc4 f4 46. gxf4 Kxf4 47. Ba6 Ne2+ 48. Bxe2 fxe2 49. Kg2 g4 50. Ra1 Rd2 51. Re1 Ke4 52. Kg3 Kd3 53. f3 gxf3 54. Kf2 Ra2 55. Rb1 Rd2 56. Kxf3 Kc2 57. Re1 Kd3 58. Kf2 Ra2 59. Rb1 Rd2 60. Re1 Rb2 61. Ra1 Kd2 62. Re1 Kd3 63. Ra1 Rb3 64. Re1 Rb6 65. Rxe2 Rf6+ 66. Ke1 Rg6 67. Rd2+ Ke3 68. Re2+ Kd3 69. Rd2+ Kc3 70. Rd8 Re6+ 71. Kf2 Kc4 72. Kf3 Kc5 73. Rc8+ Kd6 74. Rc3 Kd5 75. Rd3+ Kc4 76. Re3 Rf6+ 77. Ke2 Kd4 78. Rf3 Ra6 79. Rf4+ Ke5 80. Rb4 Ra3 81. Kd2 Kd5 82. Rh4 Kc5 83. Ke2 Rb3 84. Kf2 Rb8 85. Kg2 Rg8+ 86. Kf2 Rf8+ 87. Kg2 1/2-1/2


[Site "https://www.chess.com"]

[Event "Titled Tuesday Blitz March 15 Early 2022"]
[White "Nakamura, Hikaru"]
[Black "Hammer, Jon Ludvig"]
[WhiteFideId "2016192"]
[BlackFideId "1503707"]
[WhiteElo "2850"]
[BlackElo "2607"]
[Result "1-0"]
[Round "08"]
[TimeControl "180+1"]
[Date "2022.03.15"]
[WhiteClock "0:01:09"]
[BlackClock "0:00:09"]

1. Nf3 Nf6 2. b3 d5 3. Bb2 Bf5 4. g3 h6 5. d3 e6 6. Nbd2 Bh7 7. Bg2 Be7 8. O-O O-O 9. Re1 Nfd7 10. e4 Bf6 11. e5 Be7 12. h4 b5 13. Nf1 a5 14. a4 bxa4 15. Rxa4 Nb6 16. Rg4 a4 17. Ne3 axb3 18. cxb3 Nc6 19. Bf1 Kh8 20. Rf4 Ra2 21. Qb1 Ra8 22. Nc2 Qd7 23. g4 g5 24. hxg5 hxg5 25. Rf6 Bxf6 26. exf6 e5 27. Bh3 Bxd3 28. Qc1 Rg8 29. Nb4 Nxb4 30. Nxe5 Qe6 31. Ng6+ Rxg6 32. Rxe6 fxe6 33. Qxc7 1-0


[Site "https://www.chess.com"]

[Event "Titled Tuesday Blitz March 15 Early 2022"]
[White "Narayanan.S.L"]
[Black "Maltsevskaya, Aleksandra"]
[WhiteFideId "5058422"]
[BlackFideId "24174041"]
[WhiteElo "2494"]
[BlackElo "2241"]
[Result "0-1"]
[Round "08"]
[TimeControl "180+1"]
[Date "2022.03.15"]
[WhiteClock "0:00:05"]
[BlackClock "0:00:05"]

1. Nf3 Nf6 2. b3 g6 3. Bb2 Bg7 4. g3 O-O 5. Bg2 c5 6. c4 d5 7. cxd5 Nxd5 8. Bxg7 Kxg7 9. d4 Nc6 10. O-O cxd4 11. Nxd4 Qb6 12. Nxc6 bxc6 13. Na3 Rd8 14. Qd2 Ba6 15. Rfc1 Rac8 16. Nc4 Qb4 17. Qb2+ Kg8 18. Ne5 c5 19. Rd1 Nc3 20. Rxd8+ Rxd8 21. Nc6 Nxe2+ 22. Kh1 Qd2 23. Nxe7+ Kf8 24. Qf6 Rd6 25. Qe5 Re6 26. Nxg6+ hxg6 27. Qxc5+ Kg7 28. h4 Qd4 29. Qxd4+ Nxd4 30. Rd1 Nb5 31. a4 Nc3 32. Rd7 Re1+ 33. Kh2 Bf1 34. Rxa7 Bxg2 35. Kxg2 Rb1 36. a5 Rxb3 37. Rc7 Ra3 38. a6 Nb5 39. Rb7 Nd4 40. Rb6 Ra2 41. g4 Ne6 42. Rc6 Ra4 43. f3 Ra3 44. g5 Nd4 45. Rf6 Nf5 46. h5 Ne3+ 47. Kg3 gxh5 48. Kh4 Nd5 49. Rf5 Ne7 50. Rc5 Ng6+ 51. Kxh5 Ra4 52. f4 Rxf4 53. Rc4 Rxc4 54. a7 Rh4# 0-1


[Site "https://www.chess.com"]

[Event "Titled Tuesday Blitz March 15 Early 2022"]
[White "Odegov, Artem"]
[Black "Gatterer, Florian"]
[WhiteFideId "34183644"]
[BlackFideId "811688"]
[WhiteElo "2286"]
[BlackElo "2218"]
[Result "0-1"]
[Round "08"]
[TimeControl "180+1"]
[Date "2022.03.15"]
[WhiteClock "0:00:01"]
[BlackClock "0:01:09"]

1. d4 Nf6 2. c4 e6 3. Nf3 d5 4. Nc3 c5 5. cxd5 Nxd5 6. e4 Nxc3 7. bxc3 cxd4 8. cxd4 Bb4+ 9. Bd2 Bxd2+ 10. Qxd2 O-O 11. Be2 b6 12. O-O Bb7 13. Qe3 Nd7 14. Rac1 Rc8 15. Rxc8 Qxc8 16. Rc1 Qa8 17. Nd2 Rc8 18. Rxc8+ Qxc8 19. Nc4 Qc7 20. e5 Qc6 21. f3 Ba6 22. Nd6 Bxe2 23. Qxe2 Qc3 24. Qd1 Qe3+ 25. Kh1 Nf8 26. h3 h5 27. Nc8 Ng6 28. Nxa7 Nf4 29. a4 h4 30. Nb5 Ne2 31. Nd6 Ng3+ 32. Kh2 Qf4 33. Kg1 Qe3+ 34. Kh2 Ne2 35. Ne4 Nxd4 0-1


[Site "https://www.chess.com"]

[Event "Titled Tuesday Blitz March 15 Early 2022"]
[White "Omariev, Maksim"]
[Black "Pajeken, Jakob Leon"]
[WhiteFideId "4193423"]
[BlackFideId "12942839"]
[WhiteElo "2461"]
[BlackElo "2351"]
[Result "0-1"]
[Round "08"]
[TimeControl "180+1"]
[Date "2022.03.15"]
[WhiteClock "0:00:01"]
[BlackClock "0:00:23"]

1. b3 d5 2. Bb2 Nf6 3. f4 Bf5 4. Nf3 e6 5. e3 Nbd7 6. Nc3 c6 7. Ne2 h5 8. Ng3 Bg4 9. h3 Bxf3 10. Qxf3 h4 11. Ne2 Bd6 12. O-O-O e5 13. g4 hxg3 14. Qxg3 Nh5 15. Qf2 exf4 16. exf4 Ndf6 17. Bg2 Qc7 18. Rhf1 O-O-O 19. Qxa7 Nxf4 20. Nxf4 Bxf4 21. Bd4 Be5 22. Bb6 Qd6 23. d4 Bf4+ 24. Kb2 Rde8 25. a4 Qb8 26. Qa5 Re2 27. Bf3 Rh2 28. Rg1 R8xh3 29. Rdf1 Bh6 30. Qe1 Qd6 31. Be2 Re3 32. Rf2 Ne4 33. Rxh2 Qxh2 34. Bd3 Rxe1 35. Rxe1 Qd2 36. Rf1 Qc3+ 37. Ka2 f6 38. a5 Qb4 39. Kb2 c5 40. Rh1 Qxd4+ 41. Ka2 Nc3+ 42. Ka3 Qb4+ 43. Kb2 c4 44. Bf5+ Kb8 0-1


[Site "https://www.chess.com"]

[Event "Titled Tuesday Blitz March 15 Early 2022"]
[White "Orlov, Georgi"]
[Black "Farmani Anosheh, Armin"]
[WhiteFideId "2011271"]
[BlackFideId "24613240"]
[WhiteElo "2531"]
[BlackElo "2289"]
[Result "1-0"]
[Round "08"]
[TimeControl "180+1"]
[Date "2022.03.15"]
[WhiteClock "0:01:38"]
[BlackClock "0:00:03"]

1. d4 Nf6 2. Nf3 d5 3. c4 e6 4. Nc3 Bb4 5. Qb3 c5 6. cxd5 exd5 7. Bg5 Nc6 8. e3 Be6 9. a3 Qa5 10. Rc1 Bxc3+ 11. Qxc3 Qxc3+ 12. bxc3 Ne4 13. Bf4 O-O 14. dxc5 Nxc5 15. Bd6 Nb3 16. Rb1 Rfd8 17. Rxb3 Rxd6 18. Rxb7 Na5 19. Rb5 Nc4 20. Bxc4 dxc4 21. Nd4 Ra6 22. Kd2 Rxa3 23. Rhb1 Ra2+ 24. R1b2 Rxb2+ 25. Rxb2 Bd5 26. f3 f6 27. Rb5 Bf7 28. Ra5 g6 29. e4 Kg7 30. Ke3 h5 31. Nc6 a6 32. Nb4 Rd8 33. Rxa6 Rd1 34. Ra7 Rg1 35. Kf2 Rc1 36. Nd5 Rc2+ 37. Kg3 h4+ 38. Kh3 g5 39. g3 Kg6 40. gxh4 Be6+ 41. Kg3 gxh4+ 42. Kxh4 Rxh2+ 43. Kg3 Rc2 44. Nf4+ Kh6 45. Nxe6 Rxc3 46. Rc7 Rc1 47. Nd4 c3 48. Ne2 Re1 49. Nxc3 Kg6 50. Nd5 f5 51. Ne7+ Kg5 52. Nxf5 Re2 53. f4+ Kh5 54. Rh7+ Kg6 55. Rh6+ Kf7 56. e5 Ra2 57. e6+ Kg8 58. Rg6+ Kh7 59. Rg7+ Kh8 60. Rf7 Re2 61. e7 1-0


[Site "https://www.chess.com"]